 Dungeon Crawl Stone Soup version 0.18.1-1-g2f07953 (webtiles) character file.

1472 oplop the Changer (level 8, -3/48 HPs)
             Began as an Octopode Transmuter on May 6, 2016.
             Slain by an orc wizard
             ... wielding a +0 dagger
              (6 damage)
             ... on level 7 of the Dungeon.
             The game lasted 00:17:59 (8036 turns).

oplop the Changer (Octopode Transmuter)             Turns: 8036, Time: 00:18:00

Health: -3/48      AC:  2    Str:  9    XL:     8   Next: 78%
Magic:  12/15      EV: 25    Int: 17    God:
Gold:   243        SH:  0    Dex: 18    Spells: 4 memorised, 6 levels left

rFire  . . .     SeeInvis .       - Unarmed
rCold  . . .     Gourm    .     (shield currently unavailable)
rNeg   . . .     Faith    .     (helmet currently unavailable)
rPois  x         Spirit   .     w - amulet of magic regeneration
rElec  .         Dismiss  .     q - +2 ring of evasion
rCorr  .         Reflect  .     (no ring)
SustAt .         Harm     .     (no ring)
MR     .....                    (no ring)
Stlth  +++.......               (no ring)
                                (no ring)
                                (no ring)
                                (no ring)

@: spider-form, very slightly contaminated, not resistant to hostile
enchantments, fairly stealthy
A: almost no armour, (amphibious), 8 rings, (constrict 8), (camouflage 0),
(gelatinous body 0)
a: End Transformation


You were on level 7 of the Dungeon.
You were very hungry.
You were a venomous arachnid creature.
You visited 2 branches of the dungeon, and saw 8 of its levels.

You collected 243 gold pieces.

Inventory:

Missiles
 a - 57 arrows
 D - 3 javelins of returning (quivered)
Jewellery
 e - an uncursed amulet of harm
 q - a +2 ring of evasion (left front leg)
 w - an amulet of magic regeneration (around neck)
Wands
 n - a wand of lightning (10/15)
 r - a wand of digging (17/24)
 s - a wand of flame (26/48)
 C - a wand of digging (6/24)
 H - a wand of teleportation (6/9)
Scrolls
 d - 4 scrolls of identify {unknown}
 g - 2 scrolls of blinking {unknown}
 h - a scroll of random uselessness {unknown}
 i - a scroll of enchant weapon {unknown}
 j - 3 scrolls of fear {unknown}
 t - 2 scrolls of fog {unknown}
 u - a scroll of recharging {unknown}
 v - 3 scrolls of teleportation {unknown}
 y - a scroll of magic mapping {unknown}
 A - a scroll of remove curse {unknown}
 B - 2 scrolls of enchant armour {unknown}
Potions
 f - 2 potions of ambrosia {unknown}
 k - 2 potions of curing {unknown}
 l - 2 potions of lignification {unknown}
 m - a potion of magic {unknown}
 o - 2 potions of beneficial mutation {unknown}
 p - 2 potions of agility {unknown}
 x - 2 potions of heal wounds {unknown}
 E - a potion of invisibility {unknown}
 F - 2 potions of haste {unknown}
 G - a potion of cancellation {unknown}
 J - a potion of degeneration {unknown}
Books
 b - a book of Changes

   Spells                             Type                      Level
   a - Beastly Appendage              Transmutation                1
   b - Sticks to Snakes               Transmutation                2
   c - Spider Form                    Transmutation/Poison         3
   d - Ice Form                       Ice/Transmutation            4
   e - Blade Hands                    Transmutation                5
 z - a book of Envenomations

   Spells                             Type                      Level
   a - Spider Form                    Transmutation/Poison         3
   b - Olgreb's Toxic Radiance        Poison                       4
   c - Alistair's Intoxication        Transmutation/Poison         5
   d - Poisonous Cloud                Conjuration/Poison/Air       6
Comestibles
 c - 5 bread rations


   Skills:
 - Level 1.4 Fighting
 - Level 0.2 Throwing
 + Level 5.0 Dodging
 - Level 2.2 Stealth
 - Level 3.8 Unarmed Combat
 + Level 4.8 Spellcasting
 * Level 6.9 Transmutations
 + Level 2.9 Ice Magic


You had 6 spell levels left.
You knew the following spells:

 Your Spells              Type           Power        Failure   Level  Hunger
a - Beastly Appendage     Trmt           ####..       4%          1    None
b - Ice Form              Ice/Trmt       ###.....     41%         4    ####...
c - Spider Form           Trmt/Pois      ###.......   28%         3    ###....
s - Sticks to Snakes      Trmt           ####....     6%          2    #......


Dungeon Overview and Level Annotations

Branches:
Dungeon (7/15)             Temple (1/1) D:4

Altars:
Ashenzari
Cheibriados
Dithmenos
Elyvilon
Fedhas
Gozag
Kikubaaqudgha
Makhleb
Nemelex Xobeh
Okawaru
Qazlal
Ru
Sif Muna
Vehumet
Xom
Yredelemnul
The Shining One

Annotations:
D:2 Natasha, Sigmund
D:3 no0bjke's ghost, amateur NaFi
D:5 Pikel
D:6 exclusion: door, Crazy Yiuf


Innate Abilities, Weirdness & Mutations

You cannot wear most types of armour.
((You are amphibious.))
You can wear up to eight rings at the same time.
((You can use your tentacles to constrict eight enemies at once.))
((Your skin changes colour to match your surroundings (Stealth).))
((Your rubbery body absorbs attacks (AC +1).))


Message History

Your adder bites the orc wizard but does no damage.
The orc wizard miscasts a cantrip.
Something hits you but does no damage.
Unknown command.
You hit something.
Your adder bites the orc wizard but does no damage.
The orc wizard misses your adder.
Your adder bites the orc wizard.
The orc wizard dies!
Your adder looks stronger.
The phantom blinks!
Unknown command.
You hit something. Something misses you.
Unknown command.
You closely miss something. Something hits you.
* * * LOW HITPOINT WARNING * * *
Something hits you.
* * * LOW HITPOINT WARNING * * *
Unknown command.
You hit something. Something hits you.
You die...

#......................
#......................
#......................
##.###..####.###..###.#
#####..####.# #..###.#
#)......+.. #..#....
#.......#.[.#..#....
#.......#...#..#...<
###sS..## ##'## #{).)#
###.## +........ ....#.
#......... ....'.
#......... ....#.
#+##..##.. ##.# ## ###
.. #


You could see a friendly adder.

Vanquished Creatures
  Edmund (D:6)
  A sky beast (D:5)
  An orc warrior (D:7)
  2 ogres
  A giant frog (D:6)
  2 scorpions
  3 crimson imps
  2 hounds
  3 orc priests
  Ijyb (D:2)
  3 orc wizards
  6 worker ants
  5 adders
  3 gnolls
  An ooze (D:2)
  An adder skeleton (D:4)
  7 worms
  2 dart slugs
  4 giant geckos
  17 orcs
  7 bats
  4 giant cockroaches
  8 goblins
  4 hobgoblins
  5 jackals
  3 quokkas
  4 ball pythons
  4 giant newts
  4 kobolds
  5 rats
114 creatures vanquished.

Vanquished Creatures (collateral kills)
  A water moccasin (D:5)
  An ice beast (D:5)
  A phantom (D:4)
  A centaur (D:6)
  An orc wizard (D:7)
  An orc (D:4)
6 creatures vanquished.

Vanquished Creatures (others)
  An orc wizard (D:3)
1 creature vanquished.

Grand Total: 121 creatures vanquished

Notes
Turn   | Place    | Note
--------------------------------------------------------------
     0 | D:1      | oplop the Octopode Transmuter began the quest for the Orb.
     0 | D:1      | Reached XP level 1. HP: 13/13 MP: 3/3
   111 | D:1      | Reached XP level 2. HP: 11/18 MP: 1/5
   936 | D:2      | Noticed Ijyb
   945 | D:2      | Killed Ijyb
   945 | D:2      | Reached XP level 3. HP: 13/23 MP: 6/6
  1134 | D:2      | Reached XP level 4. HP: 18/28 MP: 5/7
  1213 | D:2      | Noticed Sigmund
  1264 | D:2      | Found a glowing golden altar of the Shining One.
  1283 | D:2      | Noticed Natasha
  1314 | D:2      | Reached skill level 1 in Stealth
  1587 | D:2      | Reached XP level 5. HP: 16/33 MP: 6/9
  1740 | D:2      | Found a burning altar of Makhleb.
  1958 | D:2      | Reached skill level 3 in Transmutations
  2586 | D:3      | Learned a level 3 spell: Spider Form
  3018 | D:3      | Reached XP level 6. HP: 32/38 MP: 8/10
  3280 | D:3      | Noticed no0bjke's ghost (amateur NaFi)
  3576 | D:4      | Found a staircase to the Ecumenical Temple.
  3672 | Temple   | Entered the Ecumenical Temple
  3898 | D:4      | Learned a level 2 spell: Sticks to Snakes
  4245 | D:5      | Entered Level 5 of the Dungeon
  4245 | D:5      | Noticed a sky beast
  4395 | D:5      | Noticed a slave
  4417 | D:5      | Killed a sky beast
  4417 | D:5      | Reached skill level 4 in Transmutations
  4523 | D:5      | Found a deep blue altar of Sif Muna.
  4595 | D:5      | Noticed Pikel
  4670 | D:5      | Noticed a water moccasin
  4682 | D:5      | Killed a water moccasin
  4682 | D:5      | Reached XP level 7. HP: 41/43 MP: 8/12
  5008 | D:5      | Found a basalt altar of Yredelemnul.
  5122 | D:5      | Found a sparkling altar of Nemelex Xobeh.
  5371 | D:5      | Learned a level 4 spell: Ice Form
  5525 | D:5      | Reached skill level 5 in Transmutations
  5533 | D:5      | Found a shimmering altar of Xom.
  5823 | D:4      | Reached skill level 1 in Ice Magic
  6322 | D:4      | Reached XP level 8. HP: 48/48 MP: 10/14
  7140 | D:6      | Found a radiant altar of Vehumet.
  7208 | D:6      | Reached skill level 6 in Transmutations
  7327 | D:6      | Noticed Edmund
  7341 | D:6      | Killed Edmund
  7506 | D:6      | Noticed Crazy Yiuf
  8028 | D:7      | Reached skill level 5 in Dodging
  8036 | D:7      | Slain by an orc wizard

Skill      XL: |  1  2  3  4  5  6  7  8 |
---------------+-------------------------+-----
Stealth        | 2 |  2.2
Transmutations | 3 4 5 6 |  6.9
Dodging        | 3 4 5 |  5.0
Spellcasting   | 3 4 |  4.8
Ice Magic      | 1 2 |  2.9
Fighting       | |  1.4
Throwing       | |  0.2
Unarmed Combat | |  3.8

Action                   |  1- 3 |  4- 6 |  7- 9 || total
-------------------------+-------+-------+-------++-------
Melee: Unarmed           |    48 |   133 |   160 ||   341
       Constrict         |    12 |    20 |     8 ||    40
       Kick              |     8 |    24 |     3 ||    35
       Tentacles         |     9 |    23 |     5 ||    37
       Punch             |       |     3 |     2 ||     5
Throw: Javelin           |     3 |     9 |     9 ||    21
 Cast: Beastly Appendage |     9 |    21 |     3 ||    33
       Spider Form       |       |     5 |    20 ||    25
       Sticks to Snakes  |       |     3 |    30 ||    33
 Stab: Sleeping          |     2 |     9 |     6 ||    17
       Distracted        |       |     1 |     2 ||     3
  Eat: Chunk             |       |    11 |     3 ||    14
       Pizza             |       |     1 |       ||     1
       Meat ration       |       |       |     2 ||     2
Armor: Skin              |     3 |     7 |     2 ||    12
Dodge: Dodged            |    20 |    85 |   124 ||   229
